 Dungeon Crawl Stone Soup version 0.29.0-4-gdea44cf6ec (webtiles) character file.

Game seed: 8703618947327834077

532 styxcanada the Covert (level 7, -1/35 HPs)
             Began as a Spriggan Brigand on Aug 26, 2022.
             Was an Initiate of Gozag.
             Slain by Menkaure (20 damage)
             ... on level 4 of the Dungeon on Aug 27, 2022.
             The game lasted 00:23:39 (6647 turns).

styxcanada the Covert (Spriggan Brigand)            Turns: 6647, Time: 00:23:40

Health: -1/35      AC:  4    Str:  7    XL:     7   Next: 4%
Magic:  11/11      EV: 18    Int: 12    God:    Gozag
Gold:   205        SH:  7    Dex: 25    Spells: 10/10 levels left

rFire   . . .      SeeInvis +   a - +2 dagger
rCold   . . .      Faith    .   q - +0 buckler
rNeg    . . .      Spirit   .   b - +1 robe
rPois   .          Reflect  .   (helmet restricted)
rElec   .          Harm     .   c - +0 cloak
rCorr   .          Rampage  .   (gloves unavailable)
Will    +....                   (boots unavailable)
Stlth   +++++.....              (no amulet)
HPRegen 0.11/turn               m - +6 ring of dexterity
MPRegen 0.12/turn               (no ring)

@: very quick
A: very small, no large weapons, unfitting armour, see invisible, speed 3
a: Renounce Religion, Potion Petition, Call Merchant, Bribe Branch


You were on level 4 of the Dungeon.
You worshipped Gozag.
Gozag was aware of your devotion.
You visited 1 branch of the dungeon, and saw 4 of its levels.

You collected 287 gold pieces.
You paid 82 gold pieces to Gozag.

Inventory:

Hand Weapons
 a - a +2 dagger (weapon)
 k - a +0 sling
Missiles
 d - 2 poisoned darts (quivered)
 e - 2 curare-tipped darts
 g - 55 stones
 s - a throwing net
Armour
 b - a +1 robe (worn)
 c - a +0 cloak (worn)
 q - a +0 buckler (worn)
Magical Staves
 i - a staff of air
Jewellery
 m - a +6 ring of dexterity (left hand)
Wands
 h - a wand of charming (5)
 n - a wand of digging (7)
Potions
 f - 2 potions of curing
 j - 3 potions of heal wounds
 l - a potion of invisibility
 o - a potion of magic
 r - a potion of cancellation
 t - a potion of flight {unknown}


   Skills:
 * Level 2.5 Fighting
 + Level 3.2 Short Blades
 + Level 0.3 Ranged Weapons
 + Level 2.7 Throwing
 * Level 3.7 Dodging
 * Level 9.4 Stealth
 * Level 1.1 Shields
 * Level 2.4 Spellcasting


You had 10 spell levels left.
You didn't know any spells.
Your spell library contained the following spells:

 Spells                   Type           Power      Damage    Failure   Level
 Shock                    Conj/Air       4%         1d3       50%         1
 Summon Small Mammal      Summ           4%         N/A       50%         1
 Call Canine Familiar     Summ           1%         N/A       86%         3
 Summon Guardian Golem    Hex/Summ       1%         N/A       86%         3
 Swiftness                Air            1%         N/A       86%         3
 Airstrike                Air            0%         2d(1-17)  99%         4


Dungeon Overview and Level Annotations

Branches:
Dungeon (4/15)
 Temple: D:4-7

Altars:
Cheibriados
Fedhas
Gozag
Makhleb
Ru
Sif Muna
The Shining One

Annotations:
D:4 Menkaure


Innate Abilities, Weirdness & Mutations

You are very small and have problems with some larger weapons.
You are too small for most types of armour.
You have supernaturally acute eyesight. (SInv)
You cover ground extremely quickly. (Speed+++)


Message History

* * * LOW HITPOINT WARNING * * *
Menkaure calls on the powers of darkness!
Your body is wracked with pain!
* * * LOW HITPOINT WARNING * * *
Menkaure calls on the powers of darkness!
Your body is wracked with pain!
* * * LOW HITPOINT WARNING * * *
There is a stone staircase leading up here.
You climb upwards.
There is a stone staircase leading down here.
You start resting.
HP restored.
You start waiting.
Done waiting.
You aren't carrying any scrolls.
Okay, then.
You climb downwards.
Level annotation: Menkaure Menkaure calls on the powers of darkness!
Your body is wracked with pain!
There is a stone staircase leading up here.
Okay, then.
There is a stone staircase leading up here.
You climb upwards.
There is a stone staircase leading down here.
You start resting.
HP restored.
Okay, then.
You climb downwards.
Level annotation: Menkaure Menkaure calls on the powers of darkness!
Your body is wracked with pain!
There is a stone staircase leading up here.
You hit Menkaure.
Menkaure is lightly damaged.
Menkaure breathes soot at you. Menkaure hits you!!
Ouch! That really hurt!
You die...
Your body crumbles into a pile of gold.

* *#........#** #.....,,....##
***#...#...#...***#...##,*....#
,*#....###......# *#...#,##...#
,,#...## *.##.### ##...###....#
,.....,***.##..####...........###
......***,..#...#.##..........#_.
......*,,.,*#...<..........#..#8.
..,,,,**.#**##......###..######_.
.#*,,,.#.# #..@...####..## ##.
.####*...## ##.M...[.###..# #_
....##..>.# #........##..# ####
..........#####..###...###.###...
...#.##.....#....###....#..#.....
...#.##.##.....#..###...#........
.###.....####.##..#..............
.# #..........###.#....####....).
## ###.........#.....#..#.#......


You could see Menkaure.

Vanquished Creatures
  A black bear (D:4)
  A phantom (D:4)
  A necrophage (D:3)
  A scorpion (D:4)
  A hound (D:3)
  Jessica (D:2)
  4 iguanas (D:4)
  3 adders
  A dart slug (D:1)
  2 orcs
  7 endoplasms
  2 goblins
  9 hobgoblins
  2 jackals (D:3)
  6 quokkas
  7 ball pythons
  3 bats
  4 frilled lizards
  11 kobolds
  3 rats
70 creatures vanquished.

Notes
Turn   | Place    | Note
-------+----------+-------------------------------------------
     0 | D:1      | styxcanada the Spriggan Brigand began the quest for the
                  | Orb.
     0 | D:1      | Reached XP level 1. HP: 10/10 MP: 2/2
    20 | D:1      | Reached skill level 6 in Stealth
   293 | D:1      | Reached XP level 2. HP: 9/14 MP: 3/3
   927 | D:1      | Found a faded altar of an unknown god.
  1661 | D:2      | Reached XP level 3. HP: 18/18 MP: 4/4
  1833 | D:2      | You fall into a shaft and drop 1 floor!
  1948 | D:2      | Noticed Jessica
  1950 | D:2      | Killed Jessica
  1951 | D:2      | Reached skill level 7 in Stealth
  2069 | D:2      | Found a blossoming altar of Fedhas.
  2494 | D:2      | Reached XP level 4. HP: 23/23 MP: 5/5
  2684 | D:3      | Reached skill level 1 in Spellcasting
  3531 | D:3      | Reached skill level 8 in Stealth
  4012 | D:4      | Noticed a necrophage
  4286 | D:3      | Killed a necrophage
  4287 | D:3      | Reached XP level 5. HP: 19/26 MP: 6/8
  4504 | D:4      | Found a glowing golden altar of the Shining One.
  4549 | D:4      | Noticed Menkaure
  4579 | D:4      | Noticed a black bear
  4583 | D:4      | Reached XP level 6. HP: 6/30 MP: 9/9
  5088 | D:4      | Reached skill level 9 in Stealth
  5674 | D:4      | Reached skill level 1 in Shields
  5733 | D:4      | Found a snail-covered altar of Cheibriados.
  5733 | D:4      | Found a sacrificial altar of Ru.
  5734 | D:4      | Found an opulent altar of Gozag.
  5738 | D:4      | Became a worshipper of Gozag Ym Sagoz the Greedy
  5740 | D:4      | Found a shimmering blue altar of Sif Muna.
  5742 | D:4      | Found a burning altar of Makhleb.
  5818 | D:4      | Reached XP level 7. HP: 33/35 MP: 11/11
  6647 | D:4      | Slain by Menkaure

Illustrated notes

Levels and vault maps discovered:
D:1:      scummos_arrival_star, layout_loops_ring,
          ebering_ecumenical_altar_sacrificial, minivault_14
D:2:      layout_loops_corners, basic_altar, uniq_jessica
D:3:      layout_basic, st_stairs_6, minivault_25
D:4:      layout_cave_pools, trog_hazing_becter, minitemple,
          lemuel_coloured_pillars_altar, uniq_menkaure

Skill      XL: |  1  2  3  4  5  6 |
---------------+-------------------+-----
Stealth        | 6 7 8 9 |  9.4
Dodging        | 2 3 |  3.7
Fighting       | 2 |  2.5
Spellcasting   | 1 2 |  2.4
Short Blades   | 3 |  3.2
Shields        | 1 |  1.1
Ranged Weapons | |  0.3
Throwing       | |  2.7

Action                   |  1- 3 |  4- 6 |  7- 9 || total
-------------------------+-------+-------+-------++-------
Melee: Dagger            |    79 |   114 |    17 ||   210
 Fire: Sling             |       |    14 |     3 ||    17
Throw: Dart              |     2 |    31 |     3 ||    36
       Stone             |       |     2 |       ||     2
  Use: Scroll            |       |    12 |       ||    12
 Stab: Sleeping          |    15 |    12 |       ||    27
Armor: Robe              |    10 |    12 |       ||    22
Dodge: Dodged            |    42 |    75 |     7 ||   124
Block: Buckler           |       |    23 |     1 ||    24
